3AAA
PENNSAUKEN FLYERS @ PURE MICHIGAN GREAT LAKERS
07/12/2030
 
TOP OF THE 1ST
Pennsauken Flyers batting - Pitching for Pure Michigan Great Lakers : LHP Rubén Rodríguez
Pitching: LHP Rubén Rodríguez
Batting: RHB Marc Beck 0-0: Called Strike
0-1: Ground out 5-3 (Groundball, 56)
Batting: RHB Raúl Francisco 0-0: Ball
1-0: Ball
2-0: Ground out 5-3 (Groundball, 56S)
Batting: LHB Vinski Prifti 0-0: SINGLE (Flyball, 7LS)
Batting: RHB Enrique Ibarra 0-0: Ball
1-0: Called Strike
1-1: SINGLE (Line Drive, 4D)
Vinski Prifti to second
Runner from 2nd tries for 3rd, SAFE, throw made to third
Batting: RHB Raúl Guerrero 0-0: Foul Ball, location: 2F
0-1: Ball
1-1: Ball
2-1: Ball
3-1: Ground out 4-3 (Groundball, 4)
Top of the 1st over - 0 runs, 2 hits, 0 errors, 2 left on base; Pennsauken 0 - Pure Michigan 0
BOTTOM OF THE 1ST
Pure Michigan Great Lakers batting - Pitching for Pennsauken Flyers : LHP Mike Foltynewicz
Pitching: LHP Mike Foltynewicz
Batting: RHB George St. Clair 0-0: Foul Ball, location: 2F
0-1: SINGLE (Groundball, 6D)
Batting: RHB Jean Chamissa 0-0: Called Strike
0-1: Ball
George St. Clair steals 2nd base
1-1: Ball
2-1: Ground out 5-3 (Groundball, 56)
Batting: RHB Zong-yuan Fung 0-0: Ball
1-0: Foul Ball, location: 2F
1-1: Swinging Strike
1-2: Ground out 1-3 (Groundball, 13)
George St. Clair to third
Batting: RHB Martín Alejadre 0-0: Ball
1-0: Foul Ball, location: 2F
1-1: Ball
2-1: Ball
3-1: Foul Ball, location: 2F
3-2: Foul Ball, location: 2F
3-2: Ground out 3-1 (Groundball, 34S)
Bottom of the 1st over - 0 runs, 1 hit, 0 errors, 1 left on base; Pennsauken 0 - Pure Michigan 0
TOP OF THE 2ND
Pennsauken Flyers batting - Pitching for Pure Michigan Great Lakers : LHP Rubén Rodríguez
Batting: RHB Clarence Therrien 0-0: Fly out, F8 (Flyball, 8RM)
Batting: RHB Dave Stockman 0-0: Foul Ball, location: 2F
0-1: Ball
1-1: Foul Ball, location: 2F
1-2: Foul Ball, location: 2F
1-2: SINGLE (Flyball, 9S)
Batting: RHB Jack Willis 0-0: Called Strike
0-1: Called Strike
0-2: Ball
1-2: Ball
2-2: Grounds into double play, 6-4-3 (Groundball, 6)
Top of the 2nd over - 0 runs, 1 hit, 0 errors, 0 left on base; Pennsauken 0 - Pure Michigan 0
BOTTOM OF THE 2ND
Pure Michigan Great Lakers batting - Pitching for Pennsauken Flyers : LHP Mike Foltynewicz
Batting: RHB Luis Aragón 0-0: Foul Ball, location: 2F
0-1: Ball
1-1: Swinging Strike
1-2: Strikes out swinging
Batting: RHB Lorenzo Ruíz 0-0: Foul Ball, location: 2F
0-1: Swinging Strike
0-2: Ball
1-2: Foul Ball, location: 2F
1-2: Ball
2-2: Ball
3-2: Base on Balls
Batting: RHB John Thompson 0-0: Ball
1-0: Called Strike
1-1: Called Strike
1-2: Strikes out swinging
Batting: RHB Mike Taylor 0-0: Ball
1-0: Foul Ball, location: 2F
1-1: Ball
2-1: Foul Ball, location: 2F
2-2: Ball
3-2: Foul Ball, location: 2F
3-2: Base on Balls
Lorenzo Ruíz to second
Batting: SHB Ryan Forrest 0-0: SINGLE (Line Drive, 34D)
Lorenzo Ruíz to third
Mike Taylor to second
Runner from 3rd tries for Home, SAFE, no throw
Batting: RHB George St. Clair 0-0: Ball
1-0: Ball
2-0: Foul Ball, location: 2F
2-1: Ball
3-1: Called Strike
3-2: Foul Ball, location: 2F
3-2: Foul Ball, location: 2F
3-2: Strikes out looking
Bottom of the 2nd over - 1 run, 1 hit, 0 errors, 2 left on base; Pennsauken 0 - Pure Michigan 1
TOP OF THE 3RD
Pennsauken Flyers batting - Pitching for Pure Michigan Great Lakers : LHP Rubén Rodríguez
Batting: RHB Carlos Deleón 0-0: Called Strike
0-1: Ground out 6-3 (Groundball, 6)
Batting: RHB Marc Beck 0-0: Ball
1-0: Ball
2-0: Swinging Strike
2-1: Ball
3-1: Base on Balls
Batting: RHB Raúl Francisco 0-0: Ball
1-0: Ball
2-0: 2-RUN HOME RUN (Flyball, 7LD), Distance : 355 ft
Batting: LHB Vinski Prifti 0-0: Fly out, F7 (Flyball, 78D)
Batting: RHB Enrique Ibarra 0-0: Foul Ball, location: 2F
0-1: Fly out, F7 (Flyball, 7S)
Top of the 3rd over - 2 runs, 1 hit, 0 errors, 0 left on base; Pennsauken 2 - Pure Michigan 1
BOTTOM OF THE 3RD
Pure Michigan Great Lakers batting - Pitching for Pennsauken Flyers : LHP Mike Foltynewicz
Batting: RHB Jean Chamissa 0-0: SINGLE (Line Drive, 6MD)
Batting: RHB Zong-yuan Fung 0-0: Ball
1-0: Foul Ball, location: 2F
1-1: Hit by Pitch
Jean Chamissa to second
Batting: RHB Martín Alejadre 0-0: Foul Ball, location: 2F
0-1: Ground out U3 (Groundball, 34S)
Jean Chamissa to third
Zong-yuan Fung to second
Batting: RHB Luis Aragón 0-0: SINGLE (Groundball, 56D)
Jean Chamissa scores
Zong-yuan Fung to third
Runner from 3rd tries for Home, SAFE, no throw
Batting: RHB Lorenzo Ruíz 0-0: Ball
1-0: Ball
2-0: Ball
3-0: Called Strike
3-1: Called Strike
3-2: Base on Balls
Luis Aragón to second
Batting: RHB John Thompson 0-0: Ball
1-0: DOUBLE (Line Drive, 8LXD)
Luis Aragón scores
Lorenzo Ruíz to third
Batting: RHB Mike Taylor 0-0: Foul Ball, location: 2F
0-1: Foul Ball, location: 2F
0-2: Hit by Pitch
Batting: SHB Ryan Forrest 0-0: Ball
1-0: Called Strike
1-1: Foul Ball, location: 2F
1-2: Strikes out swinging
Batting: RHB George St. Clair 0-0: Fly out, F7 (Flyball, 78S)
Bottom of the 3rd over - 3 runs, 3 hits, 0 errors, 3 left on base; Pennsauken 2 - Pure Michigan 4
TOP OF THE 4TH
Pennsauken Flyers batting - Pitching for Pure Michigan Great Lakers : LHP Rubén Rodríguez
Batting: RHB Raúl Guerrero 0-0: SINGLE (Groundball, 56D)
Batting: RHB Clarence Therrien 0-0: Ball
1-0: Ball
2-0: Ball
3-0: Called Strike
3-1: Foul Ball, location: 2F
3-2: Fly out, F3 (Flyball, 3D)
Batting: RHB Dave Stockman Pickoff Throw to First - Out!
0-0: Called Strike
0-1: Ball
1-1: Ball
2-1: Ground out 5-3 (Groundball, 56)
Top of the 4th over - 0 runs, 1 hit, 0 errors, 0 left on base; Pennsauken 2 - Pure Michigan 4
BOTTOM OF THE 4TH
Pure Michigan Great Lakers batting - Pitching for Pennsauken Flyers : LHP Mike Foltynewicz
Batting: RHB Jean Chamissa 0-0: Ball
1-0: Swinging Strike
1-1: Fly out, F3 (Popup, 34)
Batting: RHB Zong-yuan Fung 0-0: Swinging Strike
0-1: Ball
1-1: Foul Ball, location: 2F
1-2: Strikes out looking
Batting: RHB Martín Alejadre 0-0: Ball
1-0: Fly out, F9 (Flyball, 89XD)
Bottom of the 4th over - 0 runs, 0 hits, 0 errors, 0 left on base; Pennsauken 2 - Pure Michigan 4
TOP OF THE 5TH
Pennsauken Flyers batting - Pitching for Pure Michigan Great Lakers : LHP Rubén Rodríguez
Batting: RHB Jack Willis 0-0: Foul Ball, location: 2F
0-1: Ball
1-1: Ground out 6-3 (Groundball, 6)
Batting: RHB Carlos Deleón 0-0: Ball
1-0: Called Strike
1-1: SINGLE (Line Drive, 5)
Batting: RHB Marc Beck 0-0: Called Strike
0-1: Ball
1-1: Ball
2-1: SINGLE (Line Drive, 8RS)
Carlos Deleón to second
Batting: RHB Raúl Francisco 0-0: Called Strike
0-1: Foul Ball, location: 2F
0-2: Ball
1-2: Ball
2-2: Ball
3-2: DOUBLE (Line Drive, 7LD)
Carlos Deleón scores
Marc Beck to third
Runner from 3rd tries for Home, SAFE, no throw
Batting: LHB Vinski Prifti 0-0: Ball
1-0: DOUBLE (Line Drive, 9LM)
Raúl Francisco scores
Batting: RHB Enrique Ibarra 0-0: Intentional Walk
Batting: RHB Raúl Guerrero 0-0: Ball
1-0: SINGLE (Line Drive, 89S)
Vinski Prifti to third
Enrique Ibarra to second
Batting: RHB Clarence Therrien 0-0: Ball
1-0: Ball
2-0: Ball
3-0: Called Strike
3-1: Called Strike
3-2: Grounds into fielders choice 1-2 (Groundball, 15)
Enrique Ibarra to third
Raúl Guerrero to second
Batting: RHB Dave Stockman 0-0: Ball
1-0: Called Strike
1-1: Ground out U3 (Groundball, 34S)
Top of the 5th over - 3 runs, 5 hits, 0 errors, 3 left on base; Pennsauken 5 - Pure Michigan 4
BOTTOM OF THE 5TH
Pure Michigan Great Lakers batting - Pitching for Pennsauken Flyers : LHP Mike Foltynewicz
Batting: RHB Luis Aragón 0-0: Ball
1-0: Called Strike
1-1: Ground out 5-3 (Groundball, 56)
Batting: RHB Lorenzo Ruíz 0-0: Ball
1-0: Ground out 6-3 (Groundball, 6)
Batting: RHB John Thompson 0-0: Ball
1-0: Foul Ball, location: 2F
1-1: Ball
2-1: Fly out, F9 (Flyball, 89S)
Bottom of the 5th over - 0 runs, 0 hits, 0 errors, 0 left on base; Pennsauken 5 - Pure Michigan 4
TOP OF THE 6TH
Pennsauken Flyers batting - Pitching for Pure Michigan Great Lakers : LHP Rubén Rodríguez
Batting: RHB Jack Willis 0-0: Foul Ball, location: 2F
0-1: Fly out, F9 (Flyball, 9)
Batting: RHB Carlos Deleón 0-0: Ground out 4-3 (Groundball, 4)
Batting: RHB Marc Beck 0-0: Ball
1-0: SINGLE (Line Drive, 9S)
Batting: RHB Raúl Francisco 0-0: Ball
1-0: Fly out, F8 (Flyball, 8LD)
Top of the 6th over - 0 runs, 1 hit, 0 errors, 1 left on base; Pennsauken 5 - Pure Michigan 4
BOTTOM OF THE 6TH
Pure Michigan Great Lakers batting - Pitching for Pennsauken Flyers : LHP Mike Foltynewicz
Batting: RHB Mike Taylor 0-0: Foul Ball, location: 2F
0-1: Foul Ball, location: 2F
0-2: Hit by Pitch
Batting: SHB Ryan Forrest 0-0: Ball
1-0: Sac Bunt - play at first, batter OUT! 5-4
Mike Taylor to second
Batting: RHB George St. Clair 0-0: Ball
1-0: Called Strike
1-1: Ball
2-1: Called Strike
2-2: Strikes out looking
Batting: RHB Jean Chamissa 0-0: Ball
1-0: Called Strike
1-1: Ball
2-1: Called Strike
2-2: Ball
3-2: Foul Ball, location: 2F
3-2: Strikes out swinging
Bottom of the 6th over - 0 runs, 0 hits, 0 errors, 1 left on base; Pennsauken 5 - Pure Michigan 4
TOP OF THE 7TH
Pennsauken Flyers batting - Pitching for Pure Michigan Great Lakers : LHP Rubén Rodríguez
Batting: LHB Vinski Prifti 0-0: Swinging Strike
0-1: Swinging Strike
0-2: Ball
1-2: Ball
2-2: Ball
3-2: Strikes out swinging
Batting: RHB Enrique Ibarra 0-0: Called Strike
0-1: Ball
1-1: Ground out 5-3 (Groundball, 56)
Batting: RHB Raúl Guerrero 0-0: Ground out 5-3 (Groundball, 5)
Top of the 7th over - 0 runs, 0 hits, 0 errors, 0 left on base; Pennsauken 5 - Pure Michigan 4
BOTTOM OF THE 7TH
Pure Michigan Great Lakers batting - Pitching for Pennsauken Flyers : LHP Mike Foltynewicz
Batting: RHB Zong-yuan Fung 0-0: Ball
1-0: Called Strike
1-1: Ball
2-1: Called Strike
2-2: Foul Ball, location: 2F
2-2: Ball
3-2: Base on Balls
Batting: RHB Martín Alejadre 0-0: Fielders Choice at 2nd, 1-4 (Groundball, 15S)
Batting: RHB Luis Aragón 0-0: Ball
1-0: Called Strike
1-1: Ball
2-1: Foul Ball, location: 2F
2-2: Strikes out swinging
Pitching: RHP Manny Benavides
Batting: RHB Lorenzo Ruíz 0-0: Ball
1-0: Called Strike
Martín Alejadre steals 2nd base
1-1: Ball
2-1: Foul Ball, location: 2F
2-2: Strikes out swinging
Bottom of the 7th over - 0 runs, 0 hits, 0 errors, 1 left on base; Pennsauken 5 - Pure Michigan 4
TOP OF THE 8TH
Pennsauken Flyers batting - Pitching for Pure Michigan Great Lakers : LHP Rubén Rodríguez
Batting: RHB Clarence Therrien 0-0: Ball
1-0: Called Strike
1-1: Ball
2-1: Foul Ball, location: 2F
2-2: Ball
3-2: SOLO HOME RUN (Flyball, 7D), Distance : 382 ft
Batting: RHB Dave Stockman 0-0: Ball
1-0: SINGLE (Groundball, 6D)
Pitching: RHP José López
Batting: RHB Jack Willis 0-0: Bunted foul
0-1: Ball
1-1: Bunt missed!
1-2: Strikes out swinging
Batting: RHB Carlos Deleón 0-0: Ball
1-0: Ball
2-0: SINGLE (Groundball, 6MD)
Dave Stockman to second
Batting: RHB Marc Beck 0-0: Swinging Strike
0-1: Ball
1-1: Ball
2-1: Foul Ball, location: 2F
2-2: Strikes out looking
Batting: RHB Raúl Francisco 0-0: Ball
1-0: Called Strike
1-1: Ball
2-1: SINGLE (Groundball, 6S) (infield hit)
Dave Stockman to third
Carlos Deleón to second
Batting: LHB Vinski Prifti 0-0: Ball
1-0: Ball
2-0: Called Strike
2-1: Foul Ball, location: 2F
2-2: Foul Ball, location: 2F
2-2: Foul Ball, location: 2F
2-2: Strikes out swinging
Top of the 8th over - 1 run, 4 hits, 0 errors, 3 left on base; Pennsauken 6 - Pure Michigan 4
BOTTOM OF THE 8TH
Pure Michigan Great Lakers batting - Pitching for Pennsauken Flyers : RHP Manny Benavides
Batting: RHB John Thompson 0-0: Foul Ball, location: 2F
0-1: Foul Ball, location: 2F
0-2: Strikes out swinging
Batting: RHB Mike Taylor 0-0: Ball
1-0: Ball
2-0: Called Strike
2-1: Foul Ball, location: 2F
2-2: Strikes out swinging
Batting: SHB Ryan Forrest 0-0: Ball
1-0: Called Strike
1-1: Foul Ball, location: 2F
1-2: Foul Ball, location: 2F
1-2: Ball
2-2: Foul Ball, location: 2F
2-2: Ball
3-2: Foul Ball, location: 2F
3-2: Foul Ball, location: 2F
3-2: Foul Ball, location: 2F
3-2: Foul Ball, location: 2F
3-2: Fly out, F5 (Popup, 5SF)
Bottom of the 8th over - 0 runs, 0 hits, 0 errors, 0 left on base; Pennsauken 6 - Pure Michigan 4
TOP OF THE 9TH
Pennsauken Flyers batting - Pitching for Pure Michigan Great Lakers : RHP José López
Batting: RHB Enrique Ibarra 0-0: Foul Ball, location: 2F
0-1: DOUBLE (Line Drive, 89D)
Batting: RHB Raúl Guerrero 0-0: SINGLE (Line Drive, 89M)
Enrique Ibarra to third
Runner from 3rd tries for Home, SAFE, throw made home
Batting: RHB Clarence Therrien 0-0: Ball
1-0: Bunted foul
1-1: Bunted foul
1-2: Foul Ball, location: 2F
1-2: Foul Ball, location: 2F
1-2: Ground out U3 (Groundball, 3)
Raúl Guerrero to second
Batting: RHB Dave Stockman 0-0: Intentional Walk
Batting: RHB Jack Willis 0-0: Ball
1-0: Foul Ball, location: 2F
1-1: SINGLE (Line Drive, 6D)
Raúl Guerrero to third
Dave Stockman to second
Runner from 3rd tries for Home, SAFE, no throw
Pitching: RHP Joseph Merle
Batting: RHB Carlos Deleón 0-0: Ball
1-0: Grounds into double play, 5-4-3 (Groundball, 56)
Top of the 9th over - 2 runs, 3 hits, 0 errors, 1 left on base; Pennsauken 8 - Pure Michigan 4
BOTTOM OF THE 9TH
Pure Michigan Great Lakers batting - Pitching for Pennsauken Flyers : RHP Manny Benavides
Batting: RHB George St. Clair 0-0: Ball
1-0: Ball
2-0: Foul Ball, location: 2F
2-1: Reached on error, E5 (Groundball, 56)
Batting: RHB Jean Chamissa 0-0: Swinging Strike
0-1: Ball
1-1: Foul Ball, location: 2F
1-2: Fielders Choice at 2nd, 6-4 (Groundball, 6)
Batting: RHB Zong-yuan Fung 0-0: Ball
1-0: Ball
2-0: Ball
3-0: Base on Balls
Jean Chamissa to second
Pitching: RHP Manny Hernández
Batting: RHB Martín Alejadre 0-0: Swinging Strike
0-1: Called Strike
0-2: Ball
1-2: Ball
2-2: Strikes out looking
Batting: RHB Luis Aragón 0-0: Called Strike
0-1: Called Strike
0-2: Ball
1-2: Foul Ball, location: 2F
1-2: SINGLE (Groundball, 56S) (infield hit)
Jean Chamissa to third
Zong-yuan Fung to second
Batting: RHB Lorenzo Ruíz 0-0: Swinging Strike
0-1: Swinging Strike
0-2: Ball
1-2: Ball
2-2: Ball
3-2: SINGLE (Groundball, 34D)
Jean Chamissa scores
Zong-yuan Fung to third
Luis Aragón to second
Zong-yuan Fung scores
Luis Aragón to third
Batting: RHB John Thompson 0-0: Ground out 5-3 (Groundball, 5S)
Bottom of the 9th over - 2 runs, 2 hits, 1 error, 2 left on base; Pennsauken 8 - Pure Michigan 6
Sunday, March 18th, 2018 - OOTP Baseball 18.8 Build 76